 Dungeon Crawl Stone Soup version 0.27-a0-1217-g8a41f320e8 (webtiles) character file.

Game seed: 4809557561157628819

141395 quinnr the Eclecticist (level 17, -20/126 HPs)
             Began as a Djinni Air Elementalist on June 5, 2021.
             Was the Champion of Makhleb.
             Shot with a sling bullet by a satyr (24 damage)
             ... on level 2 of the Shoals on June 6, 2021.
             The game lasted 02:01:03 (45585 turns).

quinnr the Eclecticist (Djinni Air Elementalist)   Turns: 45585, Time: 02:01:03

Health: -20/126    AC: 10    Str: 11    XL:     17   Next: 94%
Gold:   2200       EV: 22    Int: 26    God:    Makhleb [******] SH:  0 Dex: 20

rFire    + + +     SeeInvis .   T - +7 scythe of Patterns {flame, rF+ Str+4 Int+3 Dex+2}
rCold    x . .     Faith    .   (shield currently unavailable)
rNeg     . . .     Spirit   .   e - +2 robe {Archmagi}
rPois    ∞         Reflect  .   p - +2 hat {Will+}
rElec    .         Harm     .   q - +2 cloak
rCorr    .         Rampage  .   A - +0 pair of gloves {Dex+3}
Will     +++..                  (boots unavailable)
Stlth    +++.......             N - amulet of the acrobat
HPRegen  0.31/turn              h - ring of wizardry
MPRegen  0.00/turn              a - ring of willpower

@: spiked, flying
A: sickness immunity, fire resistance 2, cold vulnerability 1, float, innate
caster, hp casting, extra vitality 1
a: Renounce Religion, Minor Destruction, Lesser Servant of Makhleb, Major
Destruction, Greater Servant of Makhleb


You were on level 2 of the Shoals.
You worshipped Makhleb.
Makhleb was exalted by your worship.
You visited 4 branches of the dungeon, and saw 26 of its levels.
You also visited: Ossuary and Bailey.

You collected 3643 gold pieces.
You spent 1443 gold pieces at shops.

Inventory:

Hand Weapons
 f - the +7 quarterstaff of Regicide {vorpal, rElec Str+3 Int-2}
   (You acquired it on level 15 of the Dungeon)

   It inflicts extra damage upon your enemies.
   It affects your strength (+3).
   It affects your intelligence (-2).
   It insulates you from electricity.
 E - the +9 flail "Boluchomuss" {vorpal, rN+ Dex+4}
   (You found it on level 13 of the Dungeon)

   It inflicts extra damage upon your enemies.
   It affects your dexterity (+4).
   It protects you from negative energy.
 T - the +7 scythe of Patterns (weapon) {flame, rF+ Str+4 Int+3 Dex+2}
   (You found it on level 3 of the Lair of Beasts)

   It has been specially enchanted to burn those struck by it, causing extra
   injury to most foes and up to half again as much damage against particularly
   susceptible opponents.
   Big, fiery blades are also staple armaments of hydra-hunters.
   It affects your strength (+4).
   It affects your intelligence (+3).
   It affects your dexterity (+2).
   It protects you from fire.
Missiles
 O - 11 boomerangs of dispersal
 R - 5 atropa-tipped darts
 Z - 5 curare-tipped darts
Armour
 e - a +2 robe of the Archmagi (worn)
 p - a +2 hat of willpower (worn)
 q - a +2 cloak (worn)
 v - the +3 robe of Ylawemop {+Inv Str+4}
   (You found it on level 15 of the Dungeon)

   It affects your strength (+4).
   It lets you turn invisible.
 A - a +0 pair of gloves of dexterity (worn)
 M - a +2 robe of positive energy
Magical Staves
 i - a staff of poison
Jewellery
 a - a ring of willpower (right hand)
 b - a ring of see invisible
 h - a ring of wizardry (left hand)
 N - an amulet of the acrobat (around neck)
 P - a ring of ice
 Q - the ring "Onimnufe" {Drain rF+ MP+9 Dex+3}
   (You found it on level 15 of the Dungeon)

   [ring of magical power]

   It affects your dexterity (+3).
   It protects you from fire.
   It affects your magic capacity (+9).
   It drains your maximum health when unequipped.
Wands
 l - a wand of charming (1)
 z - a wand of digging (5)
 B - a wand of acid (14)
 F - a wand of flame (33)
 K - a wand of iceblast (16)
 U - a wand of polymorph (16)
 W - a wand of paralysis (6)
Scrolls
 r - 3 scrolls of magic mapping
 s - 8 scrolls of enchant weapon
 t - 10 scrolls of teleportation
 y - 3 scrolls of fog
 C - 2 scrolls of brand weapon
 D - a scroll of immolation
 G - 2 scrolls of blinking
 H - 2 scrolls of summoning
 I - a scroll of vulnerability
 J - a scroll of silence
 L - a scroll of identify
 S - a scroll of holy word
 Y - a scroll of fear
Potions
 c - 7 potions of haste
 d - 3 potions of berserk rage
 g - a potion of lignification
 j - 7 potions of attraction
 k - 7 potions of brilliance
 m - 3 potions of heal wounds
 n - 14 potions of curing
 o - 5 potions of might
 u - 2 potions of cancellation
 w - 3 potions of mutation
 x - 5 potions of ambrosia
 V - a potion of invisibility
 X - 4 potions of resistance


   Skills:
 + Level 13.1 Fighting
 - Level 5.4 Armour
 + Level 13.3 Dodging
 - Level 6.0 Stealth
 - Level 4.0 Shields
 + Level 16.4 Spellcasting


You had one spell level left.
You knew the following spells:

 Your Spells              Type           Power      Damage    Failure   Level
a - Shock                 Conj/Air       100%       1d9       0%          1
b - Static Discharge      Conj/Air       100%       N/A       0%          2
c - Swiftness             Air            100%       N/A       0%          3
d - Airstrike             Air            51%        N/A       1%          4
e - Lightning Bolt        Conj/Air       51%        1d72      1%          5
f - Beastly Appendage     Tmut           100%       N/A       0%          1
g - Corpse Rot            Necr/Air       N/A        N/A       0%          2
h - Vampiric Draining     Necr           51%        2d13      0%          3
i - Ozocubu's Armour      Ice            100%       N/A       0%          3
j - Manifold Assault      Tloc           100%       N/A       1%          5
k - Hydra Form            Tmut           51%        N/A       1%          5
l - Eringya's Noxious Bo  Tmut/Pois      51%        N/A       1%          6
m - Malign Gateway        Summ/Tloc      51%        N/A       1%          7
Your spell library was empty.

Dungeon Overview and Level Annotations

Branches:
Dungeon (15/15)            Temple (0/1) D:7            Lair (6/6) D:8
 Shoals (3/4) Lair:4       Spider (0/4) Lair:3        Slime (0/5) Lair:5
    Orc (2/2) D:10            Elf (0/3) Orc:2        Vaults (0/5) D:13
 Depths (0/5) D:15        Ossuary (visited)          Bailey (visited)

Altars:
Ashenzari
Dithmenos
Elyvilon
Fedhas
Makhleb
Okawaru
Sif Muna
Trog
Uskayaw
Zin
The Shining One
Jiyva
Lugonu

Shops:
D:2 (   D:3 (   D:11 *   Orc:2 *!?*(

Portals:
Abyss: Lair:2
Ice
Cave: Shoals:2


Innate Abilities, Weirdness & Mutations

You are immune to sickness and miasma.
You are immune to poison.
Your flesh is very heat resistant. (rF++)
You are vulnerable to cold. (rC-)
You float through the air rather than walking.
You learn spells naturally, not from books.
Your magical power is your life essence.
You have superior vitality. (+4 HP)


Message History

The volley of spikes misses you.
Casting: Airstrike (safe; 1% risk of failure)
Confirm with . or Enter, or press ? or * to list all spells.
Aiming: Airstrike (safe; 1% risk of failure)
Press: ? - help, Dir - move target, f/p - manticore
Aim: a manticore (severely wounded)
You feel a surge of power!
The air twists around and strikes the manticore!!
You kill the manticore!
Makhleb accepts your kill.
You feel better.
* * * LOW HITPOINT WARNING * * *
Casting: Airstrike (safe; 1% risk of failure)
Confirm with . or Enter, or press ? or * to list all spells.
You can't see any susceptible monsters within range! (Use Z to cast anyway.) Unknown command.
You start resting.
You hear the faint crackling of a melting archway nearby.
Casting: Airstrike (safe; 1% risk of failure)
Confirm with . or Enter, or press ? or * to list all spells.
Aiming: Airstrike (safe; 1% risk of failure)
Press: ? - help, Dir - move target, f - satyr
Aim: a satyr, wielding a +0 fustibalus and quivering sling bullets You feel a surge of power!
The air twists around and strikes the satyr!!
The satyr is moderately wounded.
* * * LOW HITPOINT WARNING * * *
The satyr shoots a sling bullet.
The sling bullet hits you!!
* * * LOW HITPOINT WARNING * * *
Casting: Airstrike (safe; 1% risk of failure)
Confirm with . or Enter, or press ? or * to list all spells.
Aiming: Airstrike (safe; 1% risk of failure)
Press: ? - help, Dir - move target, f/p - satyr
Aim: a satyr, wielding a +0 fustibalus and quivering sling bullets (moderately wounded)
You feel a surge of power!
The air twists around and strikes the satyr!!
The satyr is severely wounded.
* * * LOW HITPOINT WARNING * * *
The satyr shoots a sling bullet.
The sling bullet hits you!!
You die...

............≈..≈.#
........#....≈≈≈##..≈≈≈≈
...................≈≈≈≈≈
...........###....≈≈≈≈≈≈
...........###...≈≈≈≈≈≈≈
......≈≈≈≈..##.≈≈≈≈≈P≈≈≈
...≈≈≈≈≈≈≈≈.##.≈≈≈≈≈≈≈≈≈
#.≈≈≈≈≈≈≈≈......†≈≈≈≈≈≈≈
..≈≈≈≈c≈≈≈..###.@≈†≈≈≈≈≈
..≈≈≈≈.≈≈≈≈.###.†≈≈≈≈≈≈≈
...≈≈≈..#≈≈..#.....≈≈≈≈≈
...≈≈≈..#.≈.....##.≈≈≈≈≈
###.≈≈.....c..... ≈≈≈≈≈≈
#.PP≈≈P†≈..)≈≈≈ ≈≈≈≈≈≈
.≈≈≈P≈≈≈≈≈≈≈≈≈)≈ ≈≈≈≈≈
P≈≈P≈≈≈≈..≈≈≈≈≈≈ ≈≈≈≈≈
≈PP≈P≈PPP≈≈≈≈≈≈≈


You could see a satyr.

Vanquished Creatures
  Donald (Orc:2)
  An orc warlord (Orc:1)
  An ironbound preserver (D:13)
  A quicksilver ooze (shapeshifter) (D:13)
  Josephine (D:14)
  A fire dragon (D:15)
  Fannar (Lair:3)
  14 hydras
  A boulder beetle (D:11)
  2 ice dragons
  Erolcha (D:12)
  A catoblepas (Lair:5)
  8 centaur warriors
  Erica (Lair:2)
  An ogre mage (D:15)
  12 two-headed ogres
  The ghost of flotson the Covert, a novice GnDe of Okawaru (D:9)
  Urug (Lair:5)
  An orc high priest (Orc:2)
  Sonja (D:12)
  The ghost of Rohain the Unseen, a journeyman SpEn of Dithmenos (D:10)
  A fire crab (Lair:4)
  5 sea snakes
  A lindwurm (Lair:6)
  A harpy (shapeshifter) (D:13)
  3 harpies (Shoals:1)
  A necromancer (Lair:5)
  A deep elf archer (D:15)
  5 orc knights
  3 orc sorcerers
  4 manticores
  3 ugly things (D:13)
  4 oklob plants (Lair:3)
  6 cyclopes
  6 elephants
  8 black mambas
  Maurice (D:13)
  A merfolk siren (Shoals:2)
  2 water nymphs (Shoals:2)
  7 torpor snails
  An unseen horror (D:10)
  14 cane toads
  3 kobold demonologists
  A rime drake (Lair:6)
  8 komodo dragons
  A freezing wraith (D:15)
  A yaktaur (shapeshifter) (D:13)
  3 meliai (D:15)
  11 polar bears
  5 trolls
  4 tyrant leeches (Lair:6)
  A merfolk (Shoals:1)
  A wind drake (Shoals:1)
  9 hornets
  A raiju (Lair:6)
  2 snapping turtles
  13 blink frogs
  7 slime creatures
  A redback (Lair:3)
  A vampire (D:14)
  6 wyverns
  2 centaur simulacra
  2 shadows
  70 yaks
  4 wraiths (D:14)
  6 basilisks
  3 steam dragons
  7 wargs
  12 vampire mosquitoes
  Menkaure (D:6)
  An acid dragon (D:11)
  8 water moccasins
  14 hell hounds (Lair:6)
  13 black bears
  A sky beast (D:8)
  20 orc warriors
  2 ice beasts
  11 ogres
  24 wolves
  19 centaurs
  2 kobold brigands (D:12)
  10 bullfrogs
  Blork the orc (D:5)
  A scorpion (D:4)
  8 killer bees
  9 wights
  4 howler monkeys
  4 electric eels
  A bullfrog zombie (D:6)
  4 centaur zombies
  4 hounds
  3 jellies
  9 orc priests
  3 centaur skeletons (D:6)
  Ijyb (D:3)
  Jessica (D:3)
  2 iguanas
  14 orc wizards
  11 hell rats
  3 polar bear simulacra (Lair:5)
  4 yak simulacra (Lair:5)
  2 wolf simulacra (Lair:5)
  8 mummies (Ossuary)
  3 howler monkey zombies
  8 adders
  A howler monkey skeleton (D:5)
  17 gnolls
  2 shadow imps
  2 ufetubi
  A worm (D:2)
  4 dart slugs
  45 orcs
  4 ball pythons
  4 endoplasms
  A giant cockroach (D:2)
  2 gnoll zombies (Ossuary)
  12 goblins
  19 hobgoblins
  4 quokkas
  8 bats
  3 frilled lizards (D:1)
  4 hobgoblin zombies (Ossuary)
  20 kobolds
  A kobold zombie (Ossuary)
  An orc zombie (Ossuary)
  2 rats
  2 river rat simulacra (Lair:5)
709 creatures vanquished.

Vanquished Creatures (collateral kills)
  A death knight (D:15)
  2 orc high priests (Orc:2)
  2 skeletal warriors (D:15)
  2 orc sorcerers (Orc:2)
  2 orc knights (Orc:2)
  A faun (Shoals:1)
  A freezing wraith (D:15)
  2 orc warriors (Orc:2)
  2 orc priests (Orc:2)
15 creatures vanquished.

Vanquished Creatures (others)
  9 eldritch tentacles
  A warg (D:15)
  An orc wizard (Orc:2)
  2 orcs (D:15)
  23 fungi
  2 lurking horrors (Lair:2)
  81 plants
  2 withered plants (D:9)
121 creatures vanquished.

Grand Total: 845 creatures vanquished

Notes
Turn   | Place    | Note
-------+----------+-------------------------------------------
     0 | D:1      | quinnr the Djinni Air Elementalist began the quest for the
                  | Orb.
     0 | D:1      | Reached XP level 1. HP: 15/15 MP: 0/0
   203 | D:1      | Reached XP level 2. HP: 19/21 MP: 0/0
   454 | D:1      | Reached skill level 3 in Spellcasting
   860 | D:1      | Reached XP level 3. HP: 24/25 MP: 0/0
   860 | D:1      | Learned a level 1 spell: Beastly Appendage
  1355 | D:2      | Found Raitip's Weapon Boutique.
  1630 | D:2      | Reached XP level 4. HP: 27/31 MP: 0/0
  2182 | D:2      | Reached skill level 4 in Spellcasting
  2290 | D:2      | Reached XP level 5. HP: 33/35 MP: 0/0
  2290 | D:2      | Learned a level 2 spell: Corpse Rot
  2594 | D:3      | Noticed Ijyb
  2610 | D:3      | Killed Ijyb
  3134 | D:3      | Found Mydihuuhee's Weapon Emporium.
  3154 | D:3      | Noticed Jessica
  3156 | D:3      | Killed Jessica
  3157 | D:3      | Reached XP level 6. HP: 35/40 MP: 0/0
  3424 | D:4      | Found a sand-covered staircase.
  3430 | Ossuary  | Entered an ossuary
  3570 | Ossuary  | Reached skill level 5 in Spellcasting
  4230 | D:4      | Noticed an ogre
  4233 | D:4      | Killed an ogre
  4234 | D:4      | Reached XP level 7. HP: 32/45 MP: 0/0
  4234 | D:4      | Learned a level 3 spell: Vampiric Draining
  4351 | D:4      | Found a white marble altar of Elyvilon.
  4372 | D:4      | Reached skill level 6 in Spellcasting
  5151 | D:5      | Entered Level 5 of the Dungeon
  5307 | D:5      | Reached XP level 8. HP: 33/50 MP: 0/0
  5481 | D:5      | Noticed Blork the orc
  5484 | D:5      | Killed Blork the orc
  5485 | D:5      | Reached skill level 7 in Spellcasting
  5485 | D:5      | Reached skill level 1 in Fighting
  5741 | D:5      | Noticed a two-headed ogre
  6317 | D:5      | Killed a two-headed ogre
  6318 | D:5      | Reached XP level 9. HP: 45/63 MP: 0/0
  6318 | D:5      | Learned a level 3 spell: Ozocubu's Armour
  6610 | D:5      | Found a burning altar of Makhleb.
  6740 | D:6      | Reached skill level 5 in Dodging
  6891 | D:5      | Reached skill level 5 in Fighting
  7071 | D:6      | Noticed Menkaure
  7073 | D:6      | Killed Menkaure
  7359 | D:5      | Became a worshipper of Makhleb the Destroyer
  7988 | D:6      | Found a glowing silver altar of Zin.
  8791 | D:7      | Reached XP level 10. HP: 65/73 MP: 0/0
  8956 | D:7      | Found a staircase to the Ecumenical Temple.
  9870 | D:7      | Reached * piety under Makhleb
  9956 | D:7      | Found a broken altar of Ashenzari.
  9960 | D:7      | Saw a vision of the Shoals and the Spider Nest.
  9960 | D:7      | Noticed a sea snake
  9960 | D:7      | Noticed a merfolk siren
  9960 | D:7      | Noticed a wolf spider
  9960 | D:7      | Noticed a wolf spider
  9961 | D:7      | Noticed a merfolk siren
  9963 | D:7      | Noticed a wolf spider
 10489 | D:8      | Found a glowing golden altar of the Shining One.
 10555 | D:8      | Found a staircase to the Lair.
 11102 | D:8      | Noticed a two-headed ogre
 11506 | D:8      | Found a blossoming altar of Fedhas.
 11661 | D:8      | Killed a two-headed ogre
 11662 | D:8      | Reached skill level 8 in Spellcasting
 12190 | D:9      | Found a hide-covered altar of Uskayaw.
 12211 | D:9      | Found a shadowy altar of Dithmenos.
 12237 | D:9      | Found a flagged portal.
 12319 | Bailey   | Entered a bailey
 12553 | Bailey   | Reached ** piety under Makhleb
 12752 | Bailey   | Reached XP level 11. HP: 67/81 MP: 0/0
 12752 | Bailey   | Learned a level 5 spell: Manifold Assault
 13215 | D:9      | Noticed a two-headed ogre
 13220 | D:9      | Killed a two-headed ogre
 13221 | D:9      | Reached skill level 9 in Spellcasting
 13413 | D:9      | Found a runed translucent door.
 13415 | D:9      | Noticed flotson's ghost (novice GnDe)
 13584 | D:9      | Noticed a two-headed ogre
 13591 | D:9      | Killed a two-headed ogre
 13703 | D:9      | Noticed a two-headed ogre
 13707 | D:9      | Killed a two-headed ogre
 13708 | D:9      | Reached skill level 10 in Spellcasting
 14089 | D:9      | Found an iron altar of Okawaru.
 14166 | D:10     | Entered Level 10 of the Dungeon
 14178 | D:10     | Noticed a two-headed ogre
 14183 | D:10     | Killed a two-headed ogre
 14296 | D:9      | Killed flotson's ghost
 14504 | D:10     | Found a runed translucent gate.
 14504 | D:10     | Found a runed translucent gate.
 14504 | D:10     | Found a runed translucent gate.
 14504 | D:10     | Noticed an 11-headed hydra
 14504 | D:10     | Noticed Rohain's ghost (journeyman SpEn)
 14524 | D:10     | Noticed a 12-headed hydra
 14823 | D:10     | Found a staircase to the Orcish Mines.
 15349 | D:10     | Reached skill level 10 in Fighting
 15350 | D:10     | Reached skill level 1 in Armour
 15364 | D:10     | Reached *** piety under Makhleb
 15365 | D:10     | Reached XP level 12. HP: 46/91 MP: 0/0
 16349 | D:11     | HP: 8/91 [something (2)]
 16680 | D:11     | Noticed a two-headed ogre
 16684 | D:11     | Killed a two-headed ogre
 16789 | D:11     | Noticed a two-headed ogre
 16793 | D:11     | Killed a two-headed ogre
 16794 | D:11     | Reached skill level 11 in Spellcasting
 16913 | D:11     | Noticed a boulder beetle
 17014 | D:11     | Killed a boulder beetle
 17294 | D:11     | Found Gudiss's Assorted Antiques.
 17297 | D:11     | Bought a scroll labelled IDEEJEDIEL for 35 gold pieces
 17543 | D:12     | Noticed Erolcha
 17550 | D:12     | Killed Erolcha
 17679 | D:12     | Noticed a two-headed ogre
 17684 | D:12     | Killed a two-headed ogre
 17949 | Lair:1   | Entered Level 1 of the Lair of Beasts
 18148 | Lair:1   | Reached skill level 12 in Spellcasting
 18394 | Lair:1   | Reached XP level 13. HP: 88/96 MP: 0/0
 18394 | Lair:1   | Learned a level 5 spell: Hydra Form
 18503 | Lair:1   | quinnr: ??hydra form
 18503 | Lair:1   | beem: hydra form[1/4]: Level 6 form that gives you
                  | {spellpower}/10 heads (randomly rounded) and cleaving (when
                  | heads >= 2). Your heads can be chopped off, grown, and
                  | cauterized just like the monster! Edible foes smaller than
                  | you are devoured when killed, healing you based on HD.
                  | rPois+, +30% HP. Beware the AC cost... except
                  | felids/octopodes. Has swift movement in water.
 18694 | Lair:1   | Noticed a seven-headed hydra
 18697 | Lair:1   | Killed a seven-headed hydra
 18886 | Lair:2   | Found a corrupted altar of Lugonu.
 18895 | Lair:2   | Found a one-way gate to the infinite horrors of the Abyss.
 19362 | Lair:2   | Noticed a six-headed hydra
 19368 | Lair:2   | Killed a six-headed hydra
 19637 | Lair:2   | Noticed Erica
 19646 | Lair:2   | Killed Erica
 19647 | Lair:2   | Reached skill level 5 in Stealth
 20033 | Lair:2   | Reached **** piety under Makhleb
 20885 | Lair:3   | Noticed Fannar
 20897 | Lair:3   | Killed Fannar
 21418 | Lair:3   | Noticed a five-headed hydra
 21603 | Lair:3   | Killed a five-headed hydra
 22138 | Lair:3   | Found a hole to the Spider Nest.
 22364 | Lair:3   | Reached skill level 13 in Spellcasting
 23911 | Lair:3   | Identified the +7 scythe of Patterns {flame, rF+ Str+4
                  | Int+3 Dex+2}
 23966 | Lair:4   | Noticed a five-headed hydra
 23972 | Lair:4   | Killed a five-headed hydra
 24058 | Lair:4   | Reached XP level 14. HP: 64/103 MP: 0/0
 24234 | Lair:4   | Reached skill level 10 in Dodging
 24990 | Lair:4   | Found a staircase to the Shoals.
 27043 | Lair:5   | Reached skill level 14 in Spellcasting
 27686 | Lair:5   | Noticed Urug
 27692 | Lair:5   | Killed Urug
 27996 | Lair:5   | Reached ***** piety under Makhleb
 28028 | Lair:5   | Found a bloodstained altar of Trog.
 28159 | Lair:5   | Found a staircase to the Slime Pits.
 28627 | Lair:5   | Found a viscous altar of Jiyva.
 28867 | Lair:6   | Entered Level 6 of the Lair of Beasts
 29665 | Lair:6   | Reached XP level 15. HP: 99/110 MP: 0/0
 29665 | Lair:6   | Learned a level 6 spell: Eringya's Noxious Bog
 29998 | Lair:5   | quinnr: ??bog
 29998 | Lair:5   | beem: Eringya's Noxious Bog[1/1]: L6 Poison/Tmut. Creates
                  | {toxic bog} on all squares within range 4 that are not
                  | adjacent to {solid} terrain. The bogs have movement and
                  | attack penalties like {shallow water} and {rPois}-checking,
                  | partly resistable damage.
 31016 | Lair:6   | Reached skill level 15 in Spellcasting
 31223 | Lair:6   | Reached skill level 5 in Armour
 31799 | Lair:6   | Reached skill level 1 in Shields
 32609 | Lair:6   | Found a runed translucent door.
 34253 | Orc:1    | Entered Level 1 of the Orcish Mines
 34859 | D:10     | Reached XP level 16. HP: 116/116 MP: 0/0
 34868 | D:10     | Killed Rohain's ghost
 35744 | D:12     | Noticed Sonja
 36014 | D:12     | Killed Sonja
 36998 | D:13     | Noticed Maurice
 37001 | D:13     | Killed Maurice
 37711 | D:13     | Reached XP level 17. HP: 95/123 MP: 0/0
 37711 | D:13     | Learned a level 7 spell: Malign Gateway
 37711 | D:13     | quinnr: ??malign gateway
 37711 | D:13     | beem: malign gateway[1/7]: Summons a portal through which
                  | an eldritch tentacle emerges. Depending on spell power, it
                  | will be friendly for a number of turns, before turning
                  | hostile or the portal closes and it is severed and starts
                  | thrashing (turns neutral attacking whatever is near it but
                  | not seeking to attack anything), whichever happens first.
                  | Level 7 Summ/Tloc in the Grand Grimoire.
 37711 | D:13     | quinnr: ??malign gateway[2
 37711 | D:13     | beem: malign gateway[2/7]: Entering the malign gateway
                  | portal hurts you a bit and blinks you. In 0.16 and earlier
                  | has a 1/5 chance of draining 1-3 points of int on cast.
 37711 | D:13     | quinnr: ??malign gateway[3
 37711 | D:13     | beem: malign gateway[3/7]: !lg minmay char=muwn turn=236662
                  | 1 -tv
 37711 | D:13     | quinnr: ??malign gateway[4
 37711 | D:13     | beem: malign gateway[4/7]: !lm comborobin fewr uniq=cerebov
                  | 1 -tv
 37736 | D:13     | Reached ****** piety under Makhleb
 38334 | D:13     | Identified the +9 flail "Boluchomuss" {vorpal, rN+ Dex+4}
 38494 | D:13     | Found a gate to the Vaults.
 39211 | D:14     | Reached skill level 16 in Spellcasting
 39536 | D:14     | Noticed Josephine
 39545 | D:14     | Killed Josephine
 40440 | D:15     | Entered Level 15 of the Dungeon
 40729 | D:15     | Identified the +3 robe of Ylawemop {+Inv Str+4}
 41157 | D:15     | Identified the ring "Onimnufe" {Drain rF+ MP+9 Dex+3}
 41222 | D:15     | quinnr: ??drain
 41222 | D:15     | beem: drain[1/4]: For players, reduces your max HP until
                  | you gain enough XP to restore it (no long-term effect). A
                  | potion of experience does not end the effect. Common
                  | sources are {bolt of draining}, monsters wielding a
                  | {draining brand} weapon, costs for Ru or Dith god
                  | abilities, evocable {+Invis}, and the {*drain} artefact
                  | property. For the monster debuff, see drain[2].
 41818 | D:15     | Identified 2 scrolls of acquirement
 41819 | D:15     | Acquired the +7 quarterstaff of Regicide {vorpal, rElec
                  | Str+3 Int-2}
 41847 | D:15     | Acquired a +0 pair of gloves of dexterity
 41994 | D:15     | Found a staircase to the Depths.
 42783 | Orc:2    | Entered Level 2 of the Orcish Mines
 42980 | Orc:2    | Found a staircase to the Elven Halls.
 42995 | Orc:2    | Noticed Donald
 43004 | Orc:2    | Killed Donald
 43788 | Orc:2    | quinnr: ??archmagi
 43788 | Orc:2    | beem: archmagi[1/1]: Acts as one {enhancer} for all spells.
 43788 | Orc:2    | quinnr: ??enhancer
 43788 | Orc:2    | beem: enhancer[1/2]: Enhancers improve spell power. They
                  | are items such as rings of fire or ice; staves of
                  | conjuration, fire, etc; or robes of the archmagi. x1.5
                  | spell power per item, stacked multiplicatively up to a
                  | maximum of 3 items. However, there is a diminishing returns
                  | effect at high spellpower.
 44106 | Orc:2    | Found Xeonwu Wets's Assorted Antiques.
 44106 | Orc:2    | Found Owkeifrub's Assorted Antiques.
 44107 | Orc:2    | Found Evathro's Magic Scroll Shop.
 44145 | Orc:2    | Found Xaegaij's Distillery.
 44150 | Orc:2    | Bought a potion of heal wounds for 70 gold pieces
 44150 | Orc:2    | Bought a potion of resistance for 140 gold pieces
 44161 | Orc:2    | Bought a potion of heal wounds for 110 gold pieces
 44252 | Orc:2    | Found Tixisif's Weapon Shoppe.
 44576 | Orc:2    | Bought a potion of haste for 140 gold pieces
 44576 | Orc:2    | Bought a potion of haste for 140 gold pieces
 44576 | Orc:2    | Bought a potion of brilliance for 56 gold pieces
 44576 | Orc:2    | Bought a potion of berserk rage for 70 gold pieces
 44578 | Orc:2    | Bought an embroidered cloak for 232 gold pieces
 44598 | Orc:2    | Bought a scroll of teleportation for 93 gold pieces
 44614 | Orc:2    | Bought a scroll of holy word for 105 gold pieces
 44614 | Orc:2    | Bought a scroll of fog for 28 gold pieces
 44614 | Orc:2    | Bought a scroll of fear for 49 gold pieces
 44614 | Orc:2    | Bought a scroll of teleportation for 42 gold pieces
 44614 | Orc:2    | Bought a scroll of summoning for 133 gold pieces
 45251 | Shoals:1 | Entered Level 1 of the Shoals
 45525 | Shoals:1 | HP: 12/126 [harpy (8)]
 45534 | Shoals:1 | You are sucked into a shaft and drop 1 floor!
 45537 | Shoals:2 | Found a frozen archway.
 45553 | Shoals:2 | HP: 6/126 [snapping turtle (14)]
 45567 | Shoals:2 | HP: 1/126 [sea snake (14)]
 45571 | Shoals:3 | Noticed a kraken
 45571 | Shoals:3 | Noticed a kraken
 45571 | Shoals:3 | Noticed a kraken
 45571 | Shoals:3 | Noticed a kraken
 45574 | Shoals:2 | HP: 7/126 [manticore/volley of spikes (11)]
 45584 | Shoals:2 | HP: 7/126 [satyr/sling bullet (21)]
 45585 | Shoals:2 | Shot with a sling bullet by a satyr

Illustrated notes

Levels and vault maps discovered:
D:1:      psy_arrival_statuary, layout_basic
D:2:      minmay_wonky_spiral, layout_basic, serial_shops, shop_fountains,
          minmay_tetromino_o2
D:3:      layout_rooms, serial_shops, shop, uniq_ijyb, uniq_jessica
D:4:      layout_loops_ring, amcnicky_altar_gilded,
          nicolae_elyvilon_peaceful_grove, enter_ossuary_2
D:5:      layout_gridville, makhleb_grotto_becter, uniq_blork_the_orc
D:6:      layout_layer_cave, zin_statuary, minmay_misc_feat_rows, st_stairs_9,
          minmay_tree_intersection, uniq_menkaure
D:7:      layout_cave_pools, grunt_ashenzari_visionary
          [grunt_ashenzari_visionary_shoals, grunt_ashenzari_visionary_spider],
          minmay_temple_entry_grid, nicolae_water_bricks
D:8:      layout_loops_ring, lemuel_doored_altar,
          nicolae_overflow_hidden_temple, kennysheep_little_box,
          kennysheep_generic_room_8
D:9:      layout_basic, overflow_temple_1_default, okawaru_altar_gauntlet_db,
          nicolae_dithmenos_shadow_blocks, enter_bailey_3, gammafunk_ghost_grave
D:10:     layout_gridville, orc_0_dummy, gammafunk_ghost_hydra_chop
D:11:     layout_roguey, serial_shops, nicolae_shop_behind_doors,
          grunt_ministairs_8
D:12:     layout_roguey, uniq_erolcha, uniq_sonja
D:13:     layout_roguey, skrybe_vaults_entry_preservation,
          kennysheep_orc_sif_temple, uniq_maurice
D:14:     layout_basic, hangedman_abyss_or_decor_stagger,
          small_chamber_with_monster, drop_trap, uniq_josephine
D:15:     grunt_enter_depths_hoard, layout_irregular_city,
          hangedman_decor_lopped
Lair:1:   layout_misc_corridors
Lair:2:   layout_layer_cave, amcnicky_altar_lugonu_corruption,
          serial_bayou_shore_a, lemuel_fruit_fields, uniq_erica
Lair:3:   layout_cave_pods, spider_nest_entry_webs, minmay_lair_oklob_chamber,
          uniq_fannar
Lair:4:   layout_cave_pods, minmay_shoals_entry_centaurs
Lair:5:   layout_regular_city, slime_altar_1, basic_altar,
          eino_house_with_fridge, lemuel_fruit_fields, grunt_megastairs_4,
          uniq_urug
Lair:6:   wormcave, layout_gridlike, hangedman_lair_caniforms_friends,
          infiniplex_staircase_pool_2, serial_bayou_shore_b
Shoals:1: layout_shoals, serial_shops, shop, hangedman_shoal_volcano
Shoals:2: gammafunk_sealed_arena, layout_shoals,
          portal_ice_cave_entry_pillars_three, lemuel_oklob_altar
Shoals:3: layout_shoals, serial_shops, nicolae_shop_waterfront,
          nicolae_shoals_kraken_party
Orc:1:    cheibrodos_orc_arena, layout_diamond_mine
Orc:2:    st_orc_elflike, layout_diamond_mine, serial_shops, nicolae_shop_trees,
          uniq_donald

Skill      XL: |  1  2  3  4  5  6  7  8  9 10 11 12 13 14 15 16 17 |
---------------+----------------------------------------------------+-----
Spellcasting   | 3 4 5 6 7 8 10 12 13 14 15 16 | 16.4
Fighting       | 4 6 8 10 11 13 | 13.1
Dodging        | 4 6 8 9 10 11 13 | 13.3
Stealth        | 3 4 6 |  6.0
Armour         | 3 4 5 |  5.4
Shields        | 4 |  4.0

Action                   |  1- 3 |  4- 6 |  7- 9 | 10-12 | 13-15 | 16-18 || total
-------------------------+-------+-------+-------+-------+-------+-------++-------
Melee: Unarmed           |       |     2 |       |       |    46 |       ||    48
       Staff             |       |       |       |     4 |       |       ||     4
       Scythe            |       |       |       |       |     3 |     3 ||     6
 Cast: Shock             |    66 |   118 |    27 |    57 |    30 |       ||   298
       Static Discharge  |     1 |       |     1 |    20 |    62 |    25 ||   109
       Airstrike         |       |     6 |    84 |   195 |   523 |   299 ||  1107
       Swiftness         |       |       |     1 |     1 |       |       ||     2
       Lightning Bolt    |       |       |       |    59 |    88 |    99 ||   246
       Vampiric Draining |       |       |       |     4 |       |     2 ||     6
       Ozocubu's Armour  |       |       |       |     4 |       |       ||     4
       Manifold Assault  |       |       |       |     3 |       |       ||     3
       Hydra Form        |       |       |       |       |     7 |     1 ||     8
       Corpse Rot        |       |       |       |       |     3 |       ||     3
       Beastly Appendage |       |       |       |       |     2 |       ||     2
       Eringya's Noxious |       |       |       |       |     3 |     3 ||     6
       Malign Gateway    |       |       |       |       |       |    10 ||    10
Evoke: Wand              |       |       |       |     1 |       |       ||     1
  Use: Scroll            |       |     9 |     3 |     6 |     8 |    12 ||    38
       Potion            |       |       |     1 |     3 |     1 |    11 ||    16
 Stab: Sleeping          |       |       |       |       |     1 |       ||     1
Armor: Robe              |       |     2 |     1 |    39 |    25 |    11 ||    78
       Skin              |       |       |       |       |    25 |     9 ||    34
       Ice dragon scales |       |       |       |       |       |    21 ||    21
Dodge: Dodged            |     6 |     8 |    11 |    73 |   213 |   121 ||   432

Table legend: (Time is in decaauts)
 A = Elapsed time spent in this place.
 B = Non-inter-level travel time spent in this place.
 C = Inter-level travel time spent in this place.
 D = Time resting spent in this place.
 E = Time spent auto-exploring this place.
 F = Levels seen in this place.
 G = Mean time per level.
                   A        B        C        D        E       F      G
               +--------+--------+--------+--------+--------+-----+--------+
         Total |  45703 |  42785 |   2918 |  15176 |  23301 |  28 | 1632.2 |
       Dungeon |  24525 |  22810 |   1715 |   7137 |  13714 |  15 | 1635.0 |
          Lair |  16369 |  15494 |    875 |   6207 |   7775 |   6 | 2728.2 |
        Shoals |    281 |    281 |      0 |     15 |    122 |   3 |   93.7 |
  Orcish Mines |   2979 |   2653 |    326 |    969 |   1239 |   2 | 1489.5 |
       Ossuary |    690 |    690 |      0 |    357 |    205 |   1 |  690.0 |
        Bailey |    857 |    857 |      0 |    491 |    246 |   1 |  857.0 |
               +--------+--------+--------+--------+--------+-----+--------+

Top non-repeatable levels by time:
  Lair:6: 3963 daAuts
  Lair:5: 3128 daAuts
  Lair:2: 2800 daAuts
  Lair:4: 2790 daAuts
  Lair:3: 2659 daAuts
    D:10: 2474 daAuts
    D:13: 2229 daAuts
     D:7: 1950 daAuts
    D:14: 1934 daAuts
     D:6: 1803 daAuts
     D:9: 1802 daAuts
    D:11: 1648 daAuts
    D:12: 1616 daAuts
     D:2: 1613 daAuts
     D:8: 1543 daAuts
